 Dungeon Crawl Stone Soup version 0.25-a0-634-gd1561dc703 (webtiles) character file.

Game seed: 11589626160137097499, levelgen mode: deterministic

151693 Emblim88 the Blocker (level 17, -16/135 HPs)
             Began as a Gnoll Fighter on Mar 20, 2020.
             Was the Champion of Qazlal.
             Killed from afar by a deep elf annihilator (74 damage)
             ... with a crystal spear
             ... on level 3 of the Elven Halls.
             The game lasted 01:20:02 (26561 turns).

Emblim88 the Blocker (Gnoll Fighter)               Turns: 26561, Time: 01:20:02

Health: -16/135    AC: 29    Str: 28    XL:     17   Next: 56%
Magic:  32/32      EV: 13    Int: 15    God:    Qazlal [******]
Gold:   1519       SH: 29    Dex: 19    Spells: 28/38 levels left

rFire    . . .     SeeInvis +   i - +9 flail "Ogre" {holy, MR+++ Int+4 Stlth-}
rCold    . . .     Gourm    .   a - +0 tower shield
rNeg     . . .     Faith    .   R - +5 plate armour {rPois}
rPois    +         Spirit   .   r - +1 hat
rElec    .         Reflect  .   U - +0 cloak
rCorr    .         Harm     +   L - +0 pair of gloves
MR       ++++.                  k - +0 pair of boots
Stlth    ..........             V - amulet of harm
HPRegen  0.32/turn              o - ring of Boofeejas {Str+3 Dex+4}
MPRegen  0.23/turn              h - ring of see invisible

@: protected from physical damage, repel missiles
A: distributed training, fangs 1, strong nose
a: Upheaval, Elemental Force, Disaster Area, Renounce Religion


You were on level 3 of the Elven Halls.
You worshipped Qazlal.
Qazlal was exalted by your worship.
You were not hungry.

You visited 4 branches of the dungeon, and saw 24 of its levels.
You also visited: Ice Cave.

You collected 2477 gold pieces.
You spent 958 gold pieces at shops.

Inventory:

Hand Weapons
 b - the +5 rapier of Noon {vorpal, +Blink rElec MR- Str+2}
   (You took it off a deep elf annihilator on level 3 of the Elven Halls)

   It inflicts extra damage upon your enemies.
   It affects your strength (+2).
   It insulates you from electricity.
   It affects your resistance to hostile enchantments.
   It lets you blink.
 c - the +1 long sword "Xoolutesm" {vorpal, +Inv rElec MR- Int+7}
   (You bought it in a shop on level 2 of the Orcish Mines)

   It inflicts extra damage upon your enemies.
   It affects your intelligence (+7).
   It insulates you from electricity.
   It affects your resistance to hostile enchantments.
   It lets you turn invisible.
 i - the +9 flail "Ogre" (weapon) {holy, MR+++ Int+4 Stlth-}
   (You took it off a necromancer in an ice cave)

   It has been blessed by the Shining One to cause great damage to the undead
   and demons.
   It affects your intelligence (+4).
   It affects your resistance to hostile enchantments.
   It makes you less stealthy.
 K - the +3 war axe "Tormentor" {holy, +Rage rPois rN+}
   (You found it on level 2 of the Elven Halls)

   It has been blessed by the Shining One to cause great damage to the undead
   and demons.
   It protects you from poison.
   It protects you from negative energy.
   It lets you go berserk.
Missiles
 J - 42 boomerangs (quivered)
Armour
 a - a +0 tower shield (worn)
 k - a +0 pair of boots (worn)
 r - a +1 hat (worn)
 L - a +0 pair of gloves (worn)
 R - a +5 plate armour of poison resistance (worn)
 U - a +0 cloak (worn)
Jewellery
 g - the ring "Amuitaj" {rElec rN+ Int+3 Stlth+}
   (You took it off a deep elf knight on level 3 of the Elven Halls)

   [ring of positive energy]

   It affects your intelligence (+3).
   It insulates you from electricity.
   It protects you from negative energy.
   It makes you more stealthy.
 h - a ring of see invisible (right hand)
 o - the ring of Boofeejas (left hand) {Str+3 Dex+4}
   (You found it on level 6 of the Lair of Beasts)

   [ring of dexterity]

   It affects your strength (+3).
   It affects your dexterity (+4).
 V - an amulet of harm (around neck)
Wands
 v - a wand of enslavement (9)
 D - a wand of flame (34)
 H - a wand of paralysis (6)
 I - a wand of disintegration (21)
 O - a wand of digging (6)
 P - a wand of random effects (72)
 W - a wand of polymorph (16)
 Y - a wand of iceblast (6)
Scrolls
 l - a scroll of amnesia
 m - 6 scrolls of teleportation
 p - a scroll of identify
 u - a scroll of enchant armour
 w - 6 scrolls of magic mapping
 z - 3 scrolls of fog
 C - 2 scrolls of holy word
 F - 13 scrolls of remove curse
 Q - 2 scrolls of summoning
 Z - a scroll of silence
Potions
 e - 3 potions of might
 j - 4 potions of curing
 n - 2 potions of degeneration {unknown}
 q - a potion of resistance
 s - 2 potions of berserk rage
 A - a potion of brilliance
 B - a potion of mutation
 E - 4 potions of magic
 G - 3 potions of stabbing
 S - 4 potions of flight
 T - 2 potions of cancellation
Miscellaneous
 M - a fan of gales
 X - a lamp of fire (inert)
Comestibles
 f - 38 rations


   Skills:
 + Level 12.9 Fighting
 + Level 11.4 Short Blades
 + Level 11.4 Long Blades
 + Level 11.4 Axes
 + Level 12.2 Maces & Flails
 + Level 11.4 Polearms
 + Level 11.4 Staves
 + Level 11.4 Slings
 + Level 11.4 Bows
 + Level 11.4 Crossbows
 + Level 11.4 Throwing
 + Level 12.9 Armour
 + Level 11.4 Dodging
 + Level 11.4 Stealth
 + Level 12.9 Shields
 + Level 11.4 Unarmed Combat
 + Level 11.4 Spellcasting
 + Level 9.7 Conjurations
 + Level 9.7 Hexes
 + Level 9.7 Charms
 + Level 9.7 Summonings
 + Level 9.7 Necromancy
 + Level 9.7 Translocations
 + Level 9.7 Transmutations
 + Level 9.7 Fire Magic
 + Level 9.7 Ice Magic
 + Level 9.7 Air Magic
 + Level 9.7 Earth Magic
 + Level 9.7 Poison Magic
 + Level 12.3 Invocations
 + Level 11.4 Evocations


You had 28 spell levels left.
You knew the following spells:

 Your Spells              Type           Power        Failure   Level  Hunger
a - Blink                 Tloc           N/A          8%          2    None
b - Mephitic Cloud        Conj/Pois/Air  #####...     16%         3    None
c - Shroud of Golubria    Chrm/Tloc      #####.       8%          2    None
d - Infusion              Chrm           ####         4%          1    None
e - Song of Slaying       Chrm           #####...     8%          2    None

Your spell library contained the following spells:

 Spells                   Type           Power        Failure   Level  Hunger
 Animate Skeleton         Necr           N/A          4%          1    None
 Magic Dart               Conj           ####         4%          1    None
 Pain                     Necr           ####         4%          1    None
 Call Imp                 Summ           #####...     8%          2    None
 Slow                     Hex            #####...     8%          2    None
 Sublimation of Blood     Necr           #####.....   8%          2    None
 Confusing Touch          Hex            #####...     16%         3    None
 Conjure Flame            Conj/Fire      #####...     16%         3    None
 Gell's Gravitas          Tloc           #####.....   16%         3    None
 Lesser Beckoning         Tloc           #####.....   16%         3    None
 Ozocubu's Armour         Chrm/Ice       #####...     16%         3    None
 Spectral Weapon          Hex/Chrm       #####...     16%         3    None
 Teleport Other           Tloc           #####...     16%         3    None
 Vampiric Draining        Necr           #####.....   16%         3    None
 Animate Dead             Necr           N/A          45%         4    ###....
 Passage of Golubria      Tloc           N/A          45%         4    ###....
 Petrify                  Tmut/Erth      #####...     45%         4    ###....
 Agony                    Necr           #####...     80%         5    #####..
 Alistair's Intoxication  Tmut/Pois      #####...     80%         5    #####..
 Metabolic Englaciation   Hex/Ice        #####.....   80%         5    #####..
 Yara's Violent Unravell  Hex/Tmut       #####.....   80%         5    #####..


Dungeon Overview and Level Annotations

Branches:
Dungeon (13/15)            Temple (0/1) D:4            Lair (6/6) D:11
 Shoals (0/4) Lair:2       Spider (0/4) Lair:4        Slime (0/5) Lair:6
    Orc (2/2) D:10            Elf (3/3) Orc:2        Vaults (0/5) D:13
  IceCv (visited)

Altars:
Ashenzari
Elyvilon
Fedhas
Hepliaklqana
Kikubaaqudgha
Qazlal
Sif Muna
Trog
Vehumet
Xom
The Shining One
Beogh

Shops:
Orc:1 *   Orc:2 :?!([

Annotations:
Lair:3 2 transporters, exclusion: 2 oklob plants, fly's ghost, journeyman HOFi


Innate Abilities, Weirdness & Mutations

Your experience applies equally to all skills.
You have very sharp teeth.
Your uncanny sense of smell can sniff out nearby items.


Message History

You are too injured to fight recklessly!
You are too injured to fight recklessly!
You are too injured to fight recklessly!
You are too injured to fight recklessly!
You are too injured to fight recklessly!
You are too injured to fight recklessly!
Unknown command.
You hit the deep elf annihilator.
The deep elf annihilator is moderately wounded.
You block the deep elf annihilator's attack.
You barely miss the deep elf annihilator.
The deep elf annihilator is moderately wounded.
The deep elf sorcerer wildly gestures.
The deep elf sorcerer shimmers violently.
A deep elf knight comes into view. It is wielding a +0 long sword.
The deep elf annihilator gestures at you while chanting.
The crystal spear hits you!!!
You feel more protected from physical attacks.
Ouch! That really hurt!
You die...

#§# #e# #.# #.# #.# #)#
# #e# ## #e# .## #@#
..# #.#### ..#
##○...### ..# #.°[....#
..#############.......#
..'.........).)...)...#
.##############.†.....#
'## ##.......# #.##
##'##...###


You could see a deep elf annihilator, a deep elf sorcerer and a deep elf knight.

Vanquished Creatures
  2 deep elf blademasters (Elf:3)
  Kirke (D:12)
  A deep elf elementalist (Elf:3)
  4 deep elf sorcerers (Elf:3)
  5 deep elf demonologists
  3 deep elf annihilators
  Snorg (Lair:4)
  An ettin (Orc:2)
  A deep elf high priest (Elf:1)
  Josephine (Lair:4)
  8 hydras
  3 two-headed ogres
  A catoblepas (Lair:3)
  Erica (D:9)
  3 death yaks (Lair:5)
  26 dancing weapons
  A centaur warrior (D:13)
  2 orc high priests
  An ogre mage (D:13)
  Urug (D:13)
  12 deep elf knights
  Sonja (D:12)
  9 deep elf archers
  An orc knight (Orc:1)
  A necromancer (IceCv)
  44 deep elf magi
  2 oklob plants
  7 orc sorcerers
  An ugly thing (D:12)
  A cyclops (D:13)
  7 black mambas
  Maurice (D:8)
  9 elephants
  A torpor snail (Lair:6)
  2 ice statues (IceCv)
  24 spiny frogs
  Psyche (D:8)
  2 centaur skeletons
  An efreet (D:12)
  4 yaktaurs (D:13)
  A komodo dragon (shapeshifter) (Elf:1)
  10 ice devils (IceCv)
  4 komodo dragons
  15 trolls
  A polar bear (Lair:5)
  A hornet (Lair:5)
  5 tyrant leeches (Lair:6)
  26 blink frogs
  13 dream sheep
  9 hippogriffs
  7 air elementals
  A shadow (D:12)
  A tarantella (Lair:4)
  5 water elementals
  6 wraiths
  5 wyverns
  3 humans
  47 yaks
  7 fire elementals
  6 hogs
  3 basilisks
  A hungry ghost (D:7)
  4 steam dragons
  11 vampire mosquitoes
  2 wargs (Orc:2)
  Menkaure (D:5)
  12 porcupines
  11 water moccasins
  3 sky beasts
  10 ice beasts
  24 orc warriors
  5 phantoms
  12 ogres
  2 eyes of draining
  14 wolves
  2 black bears
  22 centaurs
  8 crocodiles
  2 big kobolds
  32 bullfrogs
  2 earth elementals (Elf:1)
  A wyvern zombie (D:13)
  A wyvern skeleton (D:8)
  5 scorpions
  61 killer bees
  2 howler monkeys (D:7)
  13 wights
  6 electric eels
  5 crimson imps
  2 centaur zombies
  9 hounds
  16 jellies
  28 orc priests
  A bullfrog skeleton (D:10)
  4 iguanas
  Ijyb (D:3)
  41 orc wizards
  8 worker ants
  2 spriggan simulacra (IceCv)
  2 centaur simulacra (IceCv)
  A hound skeleton (D:5)
  A worker ant zombie (D:5)
  A gnoll (D:1)
  A howler monkey skeleton (D:10)
  5 naga simulacra (IceCv)
  11 adders
  An ogre simulacrum (IceCv)
  6 shadow imps
  3 oozes (Lair:6)
  An adder zombie (D:6)
  4 worms
  2 dart slugs
  6 leopard geckos
  82 orcs
  2 bat skeletons (D:5)
  3 bat zombies (D:5)
  6 giant cockroaches
  13 goblins
  19 hobgoblins
  12 jackals
  3 quokkas
  9 bats
  3 frilled lizards (D:2)
  A jackal skeleton (D:5)
  16 kobolds
  A quokka skeleton (D:5)
  A quokka zombie (D:9)
  6 rats
  4 fungi (D:7)
  A plant (Lair:3)
987 creatures vanquished.

Vanquished Creatures (collateral kills)
  An ogre (D:13)
1 creature vanquished.

Vanquished Creatures (others)
  An orc warrior (Elf:3)
  A wyvern zombie (D:12)
  An orc wizard (Elf:3)
  2 orcs (Elf:3)
  11 fungi
  28 plants
44 creatures vanquished.

Grand Total: 1032 creatures vanquished

Notes
Turn   | Place    | Note
-------+----------+-------------------------------------------
     0 | D:1      | Emblim88 the Gnoll Fighter began the quest for the Orb.
     0 | D:1      | Reached XP level 1. HP: 23/23 MP: 1/1
   190 | D:1      | Reached XP level 2. HP: 29/29 MP: 2/2
   485 | D:1      | Reached XP level 3. HP: 22/35 MP: 3/3
  1059 | D:2      | Reached skill level 1 in Invocations
  1114 | D:2      | Noticed a water elemental
  1127 | D:2      | Found a stormy altar of Qazlal.
  1128 | D:2      | Noticed an air elemental
  1134 | D:2      | Noticed an earth elemental
  1134 | D:2      | Noticed a fire elemental
  1158 | D:2      | Reached skill level 1 in Short Blades
  1158 | D:2      | Reached skill level 1 in Long Blades
  1158 | D:2      | Reached skill level 1 in Axes
  1158 | D:2      | Reached skill level 1 in Polearms
  1158 | D:2      | Reached skill level 1 in Staves
  1158 | D:2      | Reached skill level 1 in Slings
  1158 | D:2      | Reached skill level 1 in Bows
  1158 | D:2      | Reached skill level 1 in Crossbows
  1158 | D:2      | Reached skill level 1 in Throwing
  1158 | D:2      | Reached skill level 1 in Dodging
  1158 | D:2      | Reached skill level 1 in Stealth
  1158 | D:2      | Reached skill level 1 in Unarmed Combat
  1158 | D:2      | Reached skill level 1 in Spellcasting
  1158 | D:2      | Reached skill level 1 in Evocations
  1158 | D:2      | Reached XP level 4. HP: 41/41 MP: 5/5
  1179 | D:2      | Became a worshipper of Qazlal Stormbringer
  2061 | D:3      | Noticed Ijyb
  2066 | D:3      | Reached * piety under Qazlal
  2067 | D:3      | Reached skill level 1 in Conjurations
  2067 | D:3      | Reached skill level 1 in Hexes
  2067 | D:3      | Reached skill level 1 in Charms
  2067 | D:3      | Reached skill level 1 in Summonings
  2067 | D:3      | Reached skill level 1 in Necromancy
  2067 | D:3      | Reached skill level 1 in Translocations
  2067 | D:3      | Reached skill level 1 in Transmutations
  2067 | D:3      | Reached skill level 1 in Fire Magic
  2067 | D:3      | Reached skill level 1 in Ice Magic
  2067 | D:3      | Reached skill level 1 in Air Magic
  2067 | D:3      | Reached skill level 1 in Earth Magic
  2067 | D:3      | Reached skill level 1 in Poison Magic
  2078 | D:3      | Killed Ijyb
  2078 | D:3      | Reached XP level 5. HP: 32/47 MP: 6/6
  2404 | D:3      | Found a shimmering blue altar of Sif Muna.
  2497 | D:4      | Found a blossoming altar of Fedhas.
  2573 | D:4      | Found a staircase to the Ecumenical Temple.
  2672 | D:4      | Reached XP level 6. HP: 53/53 MP: 8/8
  2684 | D:4      | Found a blossoming altar of Fedhas.
  2810 | D:4      | Reached skill level 5 in Maces & Flails
  2839 | D:4      | Reached ** piety under Qazlal
  2892 | D:4      | Found a white marble altar of Elyvilon.
  3405 | D:5      | Entered Level 5 of the Dungeon
  3536 | D:5      | Reached XP level 7. HP: 38/59 MP: 10/10
  3543 | D:5      | Noticed Menkaure
  3551 | D:5      | Killed Menkaure
  3708 | D:5      | Identified the +6 mace "Jami" {holy, rF- MR+ Str+7 Int-3}
  4518 | D:5      | Found an ancient bone altar of Kikubaaqudgha.
  4898 | D:5      | Reached XP level 8. HP: 30/67 MP: 12/12
  5204 | D:6      | Found a stormy altar of Qazlal.
  5212 | D:6      | Found a bloodstained altar of Trog.
  5212 | D:6      | Found a shattered altar of Ashenzari.
  5214 | D:6      | Found a hazy altar of Hepliaklqana.
  5214 | D:6      | Found a glowing golden altar of the Shining One.
  5935 | D:7      | Reached XP level 9. HP: 72/72 MP: 14/14
  5976 | D:7      | Reached *** piety under Qazlal
  6411 | D:7      | Reached skill level 5 in Invocations
  6950 | D:8      | Learned a level 2 spell: Blink
  6954 | D:8      | Learned a level 3 spell: Mephitic Cloud
  6980 | D:8      | Found a white marble altar of Elyvilon.
  7019 | D:8      | Noticed Psyche
  7029 | D:8      | Killed Psyche
  7029 | D:8      | Reached XP level 10. HP: 80/80 MP: 17/17
  7294 | D:8      | Reached skill level 5 in Short Blades
  7294 | D:8      | Reached skill level 5 in Long Blades
  7294 | D:8      | Reached skill level 5 in Axes
  7294 | D:8      | Reached skill level 5 in Polearms
  7294 | D:8      | Reached skill level 5 in Staves
  7294 | D:8      | Reached skill level 5 in Slings
  7294 | D:8      | Reached skill level 5 in Bows
  7294 | D:8      | Reached skill level 5 in Crossbows
  7294 | D:8      | Reached skill level 5 in Throwing
  7294 | D:8      | Reached skill level 5 in Dodging
  7294 | D:8      | Reached skill level 5 in Stealth
  7294 | D:8      | Reached skill level 5 in Unarmed Combat
  7294 | D:8      | Reached skill level 5 in Spellcasting
  7294 | D:8      | Reached skill level 5 in Evocations
  7311 | D:8      | Noticed Maurice
  7314 | D:8      | Paralysed by Maurice for 6 turns
  7499 | D:8      | Killed Maurice
  7886 | D:8      | Reached **** piety under Qazlal
  7921 | D:9      | Found a radiant altar of Vehumet.
  8369 | D:9      | Reached XP level 11. HP: 73/87 MP: 19/19
  8457 | D:9      | Identified the Catalogue of Nocuous Sinister Magic
  8470 | D:9      | Reached ***** piety under Qazlal
  8504 | D:9      | Found a white marble altar of Elyvilon.
  8546 | D:9      | Noticed Erica
  8564 | D:9      | Killed Erica
  8564 | D:9      | Reached skill level 5 in Conjurations
  8564 | D:9      | Reached skill level 5 in Hexes
  8564 | D:9      | Reached skill level 5 in Charms
  8564 | D:9      | Reached skill level 5 in Summonings
  8564 | D:9      | Reached skill level 5 in Necromancy
  8564 | D:9      | Reached skill level 5 in Translocations
  8564 | D:9      | Reached skill level 5 in Transmutations
  8564 | D:9      | Reached skill level 5 in Fire Magic
  8564 | D:9      | Reached skill level 5 in Ice Magic
  8564 | D:9      | Reached skill level 5 in Air Magic
  8564 | D:9      | Reached skill level 5 in Earth Magic
  8564 | D:9      | Reached skill level 5 in Poison Magic
  8816 | D:9      | Found a shimmering altar of Xom.
  9481 | D:10     | Entered Level 10 of the Dungeon
  9481 | D:10     | Found a staircase to the Orcish Mines.
 10160 | D:11     | Noticed a six-headed hydra
 10172 | D:11     | Killed a six-headed hydra
 10172 | D:11     | Reached XP level 12. HP: 96/96 MP: 22/22
 10443 | D:11     | Found a staircase to the Lair.
 10569 | D:11     | Reached ****** piety under Qazlal
 11024 | D:12     | Noticed a two-headed ogre
 11034 | D:12     | Noticed a two-headed ogre
 11049 | D:12     | Killed a two-headed ogre
 11053 | D:12     | Killed a two-headed ogre
 11064 | D:12     | Noticed Kirke
 11091 | D:12     | Killed Kirke
 11096 | D:12     | Found a frozen archway.
 11102 | IceCv    | Entered an ice cave
 11148 | IceCv    | Reached skill level 10 in Fighting
 11148 | IceCv    | Reached skill level 10 in Armour
 11148 | IceCv    | Reached skill level 10 in Shields
 11471 | IceCv    | Identified the +9 flail "Ogre" {holy, MR+++ Int+4 Stlth-}
 11476 | IceCv    | Reached XP level 13. HP: 102/103 MP: 24/24
 12139 | D:12     | Noticed Sonja
 12199 | D:12     | Killed Sonja
 12232 | D:12     | You fall into a shaft and drop 1 floor!
 12424 | D:13     | Noticed Urug
 12443 | D:13     | Killed Urug
 13223 | D:13     | Found a gate to the Vaults.
 13429 | Lair:1   | Entered Level 1 of the Lair of Beasts
 13778 | Lair:1   | Reached XP level 14. HP: 65/111 MP: 26/26
 14657 | Lair:2   | You fall into a shaft and drop 2 floors!
 14661 | Lair:4   | Noticed Snorg
 14666 | Lair:4   | Killed Snorg
 14692 | Lair:3   | Noticed fly's ghost (journeyman HOFi)
 14700 | Lair:3   | Reached skill level 10 in Maces & Flails
 14851 | Lair:2   | Found a staircase to the Shoals.
 16038 | Lair:3   | Found a transporter.
 16224 | Lair:3   | Found a transporter.
 16620 | Lair:4   | Noticed Josephine
 16644 | Lair:4   | Killed Josephine
 16644 | Lair:4   | Reached skill level 10 in Invocations
 16699 | Lair:4   | Found a hole to the Spider Nest.
 17720 | Lair:5   | Reached XP level 15. HP: 83/119 MP: 28/28
 18673 | Lair:6   | Entered Level 6 of the Lair of Beasts
 18784 | Lair:6   | Found a staircase to the Slime Pits.
 19032 | Lair:6   | Reached skill level 10 in Short Blades
 19032 | Lair:6   | Reached skill level 10 in Long Blades
 19032 | Lair:6   | Reached skill level 10 in Axes
 19032 | Lair:6   | Reached skill level 10 in Polearms
 19032 | Lair:6   | Reached skill level 10 in Staves
 19032 | Lair:6   | Reached skill level 10 in Slings
 19032 | Lair:6   | Reached skill level 10 in Bows
 19032 | Lair:6   | Reached skill level 10 in Crossbows
 19032 | Lair:6   | Reached skill level 10 in Throwing
 19032 | Lair:6   | Reached skill level 10 in Dodging
 19032 | Lair:6   | Reached skill level 10 in Stealth
 19032 | Lair:6   | Reached skill level 10 in Unarmed Combat
 19032 | Lair:6   | Reached skill level 10 in Spellcasting
 19032 | Lair:6   | Reached skill level 10 in Evocations
 19376 | Lair:6   | Got a translucent glass ring
 19379 | Lair:6   | Got a faintly glowing trident
 19609 | Lair:6   | Identified the ring of Boofeejas {Str+3 Dex+4} (You found
                  | it on level 6 of the Lair of Beasts)
 19616 | Lair:6   | Identified the cursed +1 trident "Saizy" {vorpal, Fragile
                  | MR+ Dex+4} (You found it on level 6 of the Lair of Beasts)
 19773 | Orc:1    | Entered Level 1 of the Orcish Mines
 20070 | Orc:1    | Found Euseiqy's Eclectic Emporium.
 20202 | Orc:2    | Entered Level 2 of the Orcish Mines
 20202 | Orc:2    | Found a staircase to the Elven Halls.
 20341 | Orc:2    | Found Bifues's Antique Weapon Boutique.
 20387 | Orc:2    | Bought a translucent long sword for 170 gold pieces
 20387 | Orc:2    | Identified the +1 long sword "Xoolutesm" {vorpal, +Inv
                  | rElec MR- Int+7} (You bought it in a shop on level 2 of the
                  | Orcish Mines)
 20518 | Orc:2    | Found a roughly hewn altar of Beogh.
 20699 | Orc:2    | Paralysed by an orc sorcerer for 3 turns
 20720 | Orc:2    | Paralysed by an orc sorcerer for 6 turns
 20787 | Orc:2    | Paralysed by an orc sorcerer for 4 turns
 21093 | Orc:2    | Found Kamid's Antique Armour Boutique.
 21236 | Orc:2    | Found Renimaut's Book Shoppe.
 21236 | Orc:2    | Found Xaxallio's Distillery.
 21237 | Orc:2    | Found Wunlil's Magic Scroll Emporium.
 21240 | Orc:2    | Found Hulimpyni's Gadget Shoppe.
 21244 | Orc:2    | Bought a potion of heal wounds for 80 gold pieces
 21244 | Orc:2    | Bought a potion of cancellation for 128 gold pieces
 21244 | Orc:2    | Bought a potion of heal wounds for 80 gold pieces
 21244 | Orc:2    | Bought a potion of might for 64 gold pieces
 21244 | Orc:2    | Bought 2 potions of heal wounds for 160 gold pieces
 21245 | Orc:2    | Bought a scroll of fear for 52 gold pieces
 21245 | Orc:2    | Bought a scroll of identify for 30 gold pieces
 21245 | Orc:2    | Bought a scroll of magic mapping for 52 gold pieces
 21245 | Orc:2    | Bought a scroll of blinking for 112 gold pieces
 21245 | Orc:2    | Bought a scroll of identify for 30 gold pieces
 21345 | Elf:1    | Entered Level 1 of the Elven Halls
 21374 | Elf:1    | Reached XP level 16. HP: 116/127 MP: 30/30
 21447 | Elf:1    | Found a magical portal.
 22946 | Elf:2    | Found a radiant altar of Vehumet.
 23021 | Elf:2    | Found a runed translucent gate.
 23021 | Elf:2    | Found a runed translucent gate.
 23023 | Elf:2    | Found a runed translucent gate.
 23028 | Elf:2    | Got a translucent war axe
 23153 | Elf:2    | Identified the +3 war axe "Tormentor" {holy, +Rage rPois
                  | rN+} (You found it on level 2 of the Elven Halls)
 24020 | Elf:2    | Learned a level 2 spell: Shroud of Golubria
 24022 | Elf:2    | Learned a level 1 spell: Infusion
 24025 | Elf:2    | Learned a level 2 spell: Song of Slaying
 25016 | Elf:3    | Entered Level 3 of the Elven Halls
 25048 | Elf:3    | Reached XP level 17. HP: 119/135 MP: 32/32
 25343 | Elf:3    | Noticed a deep elf blademaster
 25362 | Elf:3    | Identified the ring "Amuitaj" {rElec rN+ Int+3 Stlth+}
 25774 | Elf:3    | Killed a deep elf blademaster
 25845 | Elf:3    | Noticed a deep elf blademaster
 25869 | Elf:3    | Killed a deep elf blademaster
 25872 | Elf:3    | Identified the ring "Avvugipn" {rF- rN+ MP+9 Int+3}
 25882 | Elf:3    | Noticed an Ice Fiend
 25883 | Elf:3    | Noticed a Brimstone Fiend
 26319 | Elf:3    | Noticed a Tzitzimitl
 26518 | Elf:3    | Identified the +5 rapier of Noon {vorpal, +Blink rElec MR-
                  | Str+2}
 26561 | Elf:3    | Killed from afar by a deep elf annihilator

Levels and vault maps discovered:
D:1:      heliophobic_arrival_henge, layout_loops_corners
D:2:      layout_loops_corners, first_ration, dk_noncrumbling_2,
          chequers_mini_garden, nicolae_qazlal_style_of_elements
D:3:      kennysheep_the_goblin_king, layout_rooms, tgw_sif, minmay_liquid_box
D:4:      layout_layer_cave, lemuel_crystal_altar, lemuel_doored_altar,
          minmay_temple_entry_fiery, fedhas_altar_3
D:5:      layout_basic, kennysheep_vampire_church, uniq_menkaure
D:6:      layout_cave_pods, grunt_temple_overflow_open
D:7:      layout_gridville, grunt_livestock, water_boxes_lemuel
D:8:      layout_basic, basic_altar, minmay_small_thing, uniq_maurice,
          uniq_psyche
D:9:      wad_woods_minihive, layout_long_grid, lemuel_crystal_altar,
          overflow_temple_1_default, basic_altar,
          chequers_serial_rivers_micro_a, uniq_erica
D:10:     layout_roguey
D:11:     cheibrodos_steamvent, layout_loops_cross, erik_lair_island
D:12:     layout_basic, portal_ice_cave_entry_ice_beasts,
          kennysheep_generic_room_5, uniq_sonja, uniq_kirke, uniq_fannar
D:13:     layout_stronghold, hangedman_vaults_entry_quadrant_bands, uniq_urug
Lair:1:   statuecave_lemuel, layout_gridlike, serial_bayou_pond_b
Lair:2:   layout_regular_city, minmay_shoals_entry_centaurs,
          minmay_lair_oklob_bushes, nicolae_quartered_pool_little,
          infiniplex_staircase_pool_2
Lair:3:   layout_gridlike, gammafunk_ghost_hive, minmay_lair_oklob_chamber
Lair:4:   layout_long_grid, spider_nest_entry_rubble, serial_bayou_crossing,
          uniq_snorg, uniq_josephine
Lair:5:   layout_gridlike, lemuel_fruit_tree
Lair:6:   minmay_lair_end_frog_pond, layout_misc_corridors,
          minmay_slime_entry_jelly_boxes
Orc:1:    cheibrodos_orc_bank, layout_caves, basic_altar, nicolae_alphabet_shops
Orc:2:    st_orc_mages, layout_diamond_mine, serial_shops, shop, shop,
          david_defended_altar_orc
Elf:1:    eino_elf_arrival_customs, layout_geoelf_diagonals, mu_enter_wizlab_2,
          evilmike_minifort, hex_large
Elf:2:    layout_gridlike, basic_altar
Elf:3:    grunt_elf_hall_asides, layout_geoelf_diagonals

Skill      XL: |  1  2  3  4  5  6  7  8  9 10 11 12 13 14 15 16 17 |
---------------+----------------------------------------------------+-----
Invocations    | 1 2 3 4 5 6 7 8 9 10 11 12 | 12.3
Short Blades   | 1 2 3 4 5 6 7 8 9 10 11 | 11.4
Long Blades    | 1 2 3 4 5 6 7 8 9 10 11 | 11.4
Axes           | 1 2 3 4 5 6 7 8 9 10 11 | 11.4
Polearms       | 1 2 3 4 5 6 7 8 9 10 11 | 11.4
Staves         | 1 2 3 4 5 6 7 8 9 10 11 | 11.4
Slings         | 1 2 3 4 5 6 7 8 9 10 11 | 11.4
Bows           | 1 2 3 4 5 6 7 8 9 10 11 | 11.4
Crossbows      | 1 2 3 4 5 6 7 8 9 10 11 | 11.4
Throwing       | 1 2 3 4 5 6 7 8 9 10 11 | 11.4
Dodging        | 1 2 3 4 5 6 7 8 9 10 11 | 11.4
Stealth        | 1 2 3 4 5 6 7 8 9 10 11 | 11.4
Unarmed Combat | 1 2 3 4 5 6 7 8 9 10 11 | 11.4
Spellcasting   | 1 2 3 4 5 6 7 8 9 10 11 | 11.4
Evocations     | 1 2 3 4 5 6 7 8 9 10 11 | 11.4
Conjurations   | 1 2 3 4 5 6 7 8 9 |  9.7
Hexes          | 1 2 3 4 5 6 7 8 9 |  9.7
Charms         | 1 2 3 4 5 6 7 8 9 |  9.7
Summonings     | 1 2 3 4 5 6 7 8 9 |  9.7
Necromancy     | 1 2 3 4 5 6 7 8 9 |  9.7
Translocations | 1 2 3 4 5 6 7 8 9 |  9.7
Transmutations | 1 2 3 4 5 6 7 8 9 |  9.7
Fire Magic     | 1 2 3 4 5 6 7 8 9 |  9.7
Ice Magic      | 1 2 3 4 5 6 7 8 9 |  9.7
Air Magic      | 1 2 3 4 5 6 7 8 9 |  9.7
Earth Magic    | 1 2 3 4 5 6 7 8 9 |  9.7
Poison Magic   | 1 2 3 4 5 6 7 8 9 |  9.7
Maces & Flails | 5 6 7 8 9 10 11 12 | 12.2
Fighting       | 7 8 9 10 11 12 | 12.9
Armour         | 7 8 9 10 11 12 | 12.9
Shields        | 7 8 9 10 11 12 | 12.9

Action                   |  1- 3 |  4- 6 |  7- 9 | 10-12 | 13-15 | 16-18 || total
-------------------------+-------+-------+-------+-------+-------+-------++-------
Melee: Flail             |    46 |       |       |       |  1020 |   678 ||  1744
       Bite              |     8 |    23 |    49 |   141 |   155 |    97 ||   473
       Spear             |    33 |   230 |    31 |       |       |       ||   294
       Mace              |       |       |   260 |   814 |    10 |       ||  1084
       Long sword        |       |       |       |       |    49 |       ||    49
Throw: Stone             |       |       |     3 |       |       |       ||     3
       Boomerang         |       |       |     2 |    30 |     9 |       ||    41
 Cast: Shroud of Golubri |       |       |       |       |       |     7 ||     7
       Song of Slaying   |       |       |       |       |       |     1 ||     1
       Infusion          |       |       |       |       |       |     1 ||     1
Invok: Disaster Area     |       |       |       |     1 |     2 |     1 ||     4
       Upheaval          |       |       |       |       |       |     1 ||     1
 Abil: Evoke Flight      |       |       |     3 |       |       |       ||     3
       Stop Flying       |       |       |     2 |       |       |       ||     2
       Evoke Invisibilit |       |       |       |       |     1 |       ||     1
Evoke: Wand              |       |       |     1 |    30 |     5 |     1 ||    37
       Lamp of fire      |       |       |       |       |     1 |     1 ||     2
       Fan of gales      |       |       |       |       |       |     1 ||     1
  Use: Scroll            |       |     5 |     8 |     7 |    14 |    12 ||    46
       Potion            |       |       |     2 |     9 |     3 |     9 ||    23
 Stab: Paralysed         |       |       |       |     7 |       |       ||     7
       Invisible         |       |       |       |       |     4 |       ||     4
  Eat: Chunk             |     1 |     8 |     7 |    13 |    22 |     3 ||    54
       Ration            |       |       |     2 |     1 |     3 |     4 ||    10
Armor: Scale mail        |    24 |    55 |       |       |       |       ||    79
       Plate armour      |       |    10 |   100 |   221 |   323 |   122 ||   776
Dodge: Dodged            |    21 |    55 |   102 |   201 |   296 |   100 ||   775
       Deflected         |       |       |       |     9 |     8 |    16 ||    33
Block: Kite shield       |    49 |   111 |    56 |       |       |       ||   216
       Tower shield      |       |       |   260 |  1127 |  1397 |   665 ||  3449
       Rpst.: Long sword |       |       |       |       |     2 |       ||     2

Table legend:
 A = Non-vault XP
 B = Vault XP
 C = Vault XP percentage of total XP
 D = Non-vault monster count
 E = Vault monster count
 F = Vault count percentage of total count
                 A         B        C        D         E       F
            +---------+---------+-------+---------+---------+-------
      Total |  117984 |   98721 |  45.6 |     637 |     345 |  35.1
            +---------+---------+-------+---------+---------+-------
        D:1 |      56 |       0 |   0.0 |      23 |       0 |   0.0
        D:2 |      62 |       0 |   0.0 |      23 |       0 |   0.0
        D:3 |      43 |      83 |  65.9 |      15 |       8 |  34.8
        D:4 |     280 |       0 |   0.0 |      17 |       0 |   0.0
        D:5 |     570 |     182 |  24.2 |      25 |       6 |  19.4
        D:6 |     597 |       0 |   0.0 |      13 |       0 |   0.0
        D:7 |    1386 |     967 |  41.1 |      28 |       5 |  15.2
        D:8 |    1712 |     982 |  36.5 |      28 |       3 |   9.7
        D:9 |    1189 |    6524 |  84.6 |      34 |      62 |  64.6
       D:10 |    4245 |       0 |   0.0 |      43 |       0 |   0.0
       D:11 |    5723 |    1235 |  17.7 |      41 |      10 |  19.6
       D:12 |    6707 |    4572 |  40.5 |      29 |      15 |  34.1
       D:13 |    2324 |    7856 |  77.2 |      13 |      18 |  58.1
     Lair:1 |    3237 |     151 |   4.5 |      14 |       1 |   6.7
     Lair:2 |    2080 |     980 |  32.0 |      14 |       5 |  26.3
     Lair:3 |    5292 |    2506 |  32.1 |      24 |       4 |  14.3
     Lair:4 |    5280 |    3457 |  39.6 |      25 |       8 |  24.2
     Lair:5 |   14571 |       0 |   0.0 |      46 |       0 |   0.0
     Lair:6 |   10940 |   13203 |  54.7 |      34 |      61 |  64.2
      Orc:1 |    2051 |     932 |  31.2 |      32 |      16 |  33.3
      Orc:2 |    4467 |    5110 |  53.4 |      37 |      50 |  57.5
      Elf:1 |   14879 |    6764 |  31.3 |      30 |      13 |  30.2
      Elf:2 |   12186 |   20081 |  62.2 |      20 |      26 |  56.5
      Elf:3 |   18107 |   17996 |  49.8 |      29 |      11 |  27.5
      IceCv |       0 |    5140 | 100.0 |       0 |      23 | 100.0
            +---------+---------+-------+---------+---------+-------
